 Dungeon Crawl Stone Soup version 0.27-a0-457-gba82baf56e (webtiles) character file.

Game seed: 3377872151521890803

78 Morbidden the Sneak (level 3, -1/29 HPs)
             Began as a Demigod Brigand on Feb 28, 2021.
             Slain by an orc
             ... wielding a +0 club
              (6 damage)
             ... on level 3 of the Dungeon.
             The game lasted 00:01:31 (2596 turns).

Morbidden the Sneak (Demigod Brigand)               Turns: 2596, Time: 00:01:32

Health: -1/29      AC:  3    Str: 12    XL:     3   Next: 94%
Magic:  5/5        EV: 12    Int: 17    God:
Gold:   112        SH:  0    Dex: 15    Spells: 2/2 levels left

rFire    . . .     SeeInvis .   a - +2 dagger
rCold    . . .     Faith    .   (no shield)
rNeg     . . .     Spirit   .   b - +0 robe
rPois    .         Reflect  .   (no helmet)
rElec    .         Harm     .   c - +0 cloak
rCorr    .         Rampage  .   (no gloves)
Will     .....                  (no boots)
Stlth    +++.......             (no amulet)
HPRegen  0.09/turn              (no ring)
MPRegen  0.09/turn              (no ring)

@: no status effects
A: high mp 1
a: no special abilities


You were on level 3 of the Dungeon.
You visited 1 branch of the dungeon, and saw 3 of its levels.

You collected 112 gold pieces.

Inventory:

Hand Weapons
 a - a +2 dagger (weapon)
Missiles
 d - 8 poisoned darts (quivered)
 e - 2 curare-tipped darts
Armour
 b - a +0 robe (worn)
 c - a +0 cloak (worn)
Scrolls
 g - a scroll of identify {unknown}
 j - a scroll of enchant armour {unknown}
 k - a scroll of fear {unknown}
Potions
 f - 2 potions of curing {unknown}
 h - a potion of mutation {unknown}
 i - a potion of cancellation {unknown}
 l - a potion of attraction {unknown}


   Skills:
 * Level 2.2 Fighting
 + Level 2.3 Short Blades
 + Level 1.9 Throwing
 + Level 1.3 Dodging
 + Level 4.6 Stealth


You had 2 spell levels left.
You didn't know any spells.
Your spell library was empty.

Dungeon Overview and Level Annotations

Branches:
Dungeon (3/15)


Innate Abilities, Weirdness & Mutations

You have an increased reservoir of magic. (+10% MP)


Message History

A goblin comes into view.
The kobold shouts!
You hear a shout! x2
The kobold throws a stone.
The stone closely misses you.
An orc comes into view. It is wielding a +0 whip.
An orc comes into view. It is wielding a +0 flail.
An orc comes into view. It is wielding a +0 club.
An orc comes into view.
The kobold throws a stone.
The stone hits you. The kobold misses you.
You closely miss the orc. The kobold hits you.
The goblin shouts!
The orc shouts!
You hit the orc.
The orc is heavily wounded.
The orc hits you with a +0 flail! The kobold barely misses you.
You are too injured to fight recklessly!
You are too injured to fight recklessly!
You are too injured to fight recklessly!
You are too injured to fight recklessly!
You hit the kobold.
You kill the kobold!
The orc barely misses you.
Unknown command.
The orc hits you with a +0 flail!
* * * LOW HITPOINT WARNING * * *
The orc hits you with a +0 flail.
* * * LOW HITPOINT WARNING * * *
You hit the orc but do no damage.
The orc is heavily wounded.
The orc misses you.
Unknown command.
You hit the orc but do no damage.
The orc is heavily wounded.
Unknown command.
You hit the orc.
The orc is heavily wounded.
Unknown command.
You barely miss the orc.
The orc is heavily wounded.
The orc hits you with a +0 club.
You die...

#. ##. #.# .o.#.#
#.g#.# #..#.#
#..#.##
#....g######.#
.###..(ooo@.....#
........o########
####.....#
##.#..# #.#..# #
#..# #<.# #..#
...#


You could see 4 orcs and a goblin.

Vanquished Creatures
  An adder (D:2)
  3 oozes
  A worm (D:2)
  2 dart slugs
  A bat (D:2)
  2 giant cockroaches (D:2)
  5 goblins
  6 hobgoblins
  9 jackals (D:1)
  3 frilled lizards
  9 kobolds
  3 rats (D:1)
45 creatures vanquished.

Notes
Turn   | Place    | Note
-------+----------+-------------------------------------------
     0 | D:1      | Morbidden the Demigod Brigand began the quest for the Orb.
     0 | D:1      | Reached XP level 1. HP: 17/17 MP: 3/3
   356 | D:1      | Reached skill level 4 in Stealth
   356 | D:1      | Reached XP level 2. HP: 24/24 MP: 4/4
  1166 | D:1      | Reached skill level 1 in Dodging
  1214 | D:1      | Reached XP level 3. HP: 29/29 MP: 5/5
  2596 | D:3      | Slain by an orc

Illustrated notes

Levels and vault maps discovered:
D:1:      matt_arrival_debris, layout_basic
D:2:      layout_rooms, lightli_corner_chamber
D:3:      layout_loops_ring, gup_sewer_entry_glass

Skill      XL: |  1  2 |
---------------+-------+-----
Fighting       | 2 |  2.2
Stealth        | 4 |  4.6
Short Blades   | 2 |  2.3
Dodging        | 1 |  1.3
Throwing       | |  1.9

Action                   || total
-------------------------++-------
Melee: Dagger            ||   162
Throw: Throwing net      ||     1
 Stab: Sleeping          ||     4
Armor: Robe              ||    29
Dodge: Dodged            ||    90

Table legend: (Time is in decaauts)
 A = Elapsed time spent in this place.
 B = Non-inter-level travel time spent in this place.
 C = Inter-level travel time spent in this place.
 D = Time resting spent in this place.
 E = Time spent auto-exploring this place.
 F = Levels seen in this place.
 G = Mean time per level.
                   A        B        C        D        E       F      G
               +--------+--------+--------+--------+--------+-----+--------+
         Total |   2578 |   2547 |     31 |      0 |   2215 |   3 |  859.3 |
       Dungeon |   2578 |   2547 |     31 |      0 |   2215 |   3 |  859.3 |
               +--------+--------+--------+--------+--------+-----+--------+

Top non-repeatable levels by time:
     D:1: 1494 daAuts
     D:2: 1068 daAuts
     D:3: 15 daAuts
